Map: Ley Lines

Players

WeAreLegion - Winner!

  • Race: Terran Terran
  • League: Silver
  • Spawn Location: 1:00

cAvALIER

  • Race: Terran Terran
  • League: Silver
  • Spawn Location: 7:00

VOD

Have the link to the VOD?

Description

Time

  • Played on: Dec. 3, 2024, 9:45 p.m.
  • Length: 6:49
Show
View Real Time Build Order
Export as new Build Order

WeAreLegion Terran - Winner!

Build Orders: Reaper Expand 

Get SALT Encoding   

  12  0:00  SCV  
  13  0:12  SCV  
  14  0:17  Supply Depot  
  14  0:25  SCV  
  15  0:38  SCV  
  15  0:41  Barracks  
  16  0:45  Refinery  
  16  0:51  SCV  
  17  1:03  SCV  
  18  1:15  SCV  
  19  1:27  Orbital Command  
  19  1:32  Reaper  
  20  1:42  Command Center  
  20  1:55  SCV  
  21  2:01  Supply Depot  
  21  2:05  Barracks Reactor  
  21  2:07  SCV  
  22  2:19  SCV  
  23  2:23  Factory  
  23  2:29  Refinery  
  23  2:31  SCV  
  24  2:41  Marine x2  
  24  2:43  SCV  
  27  2:54  Orbital Command  
  27  2:55  SCV  
  28  2:59  Marine x2  
  30  3:07  SCV  
  30  3:09  Starport  
  30  3:11  Widow Mine  
  33  3:17  Supply Depot, Marine  
  33  3:19  SCV  
  35  3:23  Marine  
  36  3:27  SCV  
  36  3:32  SCV  
  38  3:36  Marine  
  38  3:39  SCV  
  40  3:43  Widow Mine  
  40  3:44  SCV  
  43  3:51  SCV  
  44  3:56  Supply Depot, Medivac  
  44  4:01  Barracks  
  46  4:04  Barracks  
  46  4:16  SCV x2  
  48  4:17  Marine x2  
  48  4:23  Factory Tech Lab  
  50  4:28  SCV x2  
  52  4:35  Marine x2  
  54  4:39  Liberator  
  57  4:52  Marine x2  
  57  4:54  SCV x2  
  61  5:06  SCV  
  62  5:21  Supply Depot  
  62  5:24  Marine x2  
  62  5:25  Supply Depot, SCV x2, Starport Tech Lab  
  62  5:26  Barracks Tech Lab  
  62  5:27  Barracks Tech Lab  
  62  5:28  Siege Tank  
  69  5:37  SCV  
  69  5:40  Command Center  
  70  5:42  Marine x2  
  70  5:43  SCV  
  70  5:44  Marine  
  70  5:45  Marauder  
  70  5:47  Raven  
  70  5:49  SCV  
  79  5:55  SCV  
  80  6:00  Marine x2  
  80  6:01  SCV  
  80  6:02  Marine  
  84  6:04  Supply Depot  
  84  6:05  Supply Depot  
  84  6:06  Marauder  
  84  6:07  Supply Depot  
  86  6:22  Factory Reactor  
  86  6:25  SCV x2, Marine x2, Marauder  
  92  6:27  Marine  
  92  6:31  Supply Depot  
  92  6:32  Supply Depot  
  93  6:37  SCV x2  
Show
View Real Time Build Order
Export as new Build Order

cAvALIER Terran 

Build Orders:  

Get SALT Encoding   

  12  0:49  SCV  
  13  0:53  Supply Depot  
  13  1:00  Refinery  
  13  1:01  SCV  
  13  1:03  Refinery  
  14  1:13  SCV  
  15  1:19  Supply Depot  
  15  1:25  SCV  
  16  1:37  SCV  
  17  1:50  SCV  
Tags
 
Matchup
TvT
Race
Terran
Replay Pack
December
Spawn Locations
Cross Positions
Add a new tag
Caveats
  • Supply blocks, unpowered buildings, or Contaminate may cause inaccurate times.
  • Supply counts are checked every 10 seconds.